 Dungeon Crawl Stone Soup version 0.21-a0-329-g12f17e1 (webtiles) character file.

30 vishdafish the Charmwright (level 3, 26/27 HPs)
             Began as a Demonspawn Skald on Oct 1, 2017.
             Quit the game on level 1 of the Dungeon.
             The game lasted 00:00:53 (458 turns).

vishdafish the Charmwright (Demonspawn Skald)        Turns: 458, Time: 00:00:53

Health: 26/27      AC:  3    Str:  7    XL:     3   Next: 3%
Magic:  6/6        EV: 11    Int: 15    God:
Gold:   18         SH:  0    Dex: 12    Spells: 5/6 levels left

rFire    . . .     SeeInvis .   a - +0 spear
rCold    + . .     Gourm    .   (no shield)
rNeg     . . .     Faith    .   b - +0 leather armour
rPois    .         Spirit   .   (helmet restricted)
rElec    .         Reflect  .   (no cloak)
rCorr    .         Harm     .   (no gloves)
MR       .....                  (no boots)
Stlth    +.........             (no amulet)
HPRegen  0.09/turn              e - -4 ring of strength (curse)
MPRegen  0.10/turn              (no ring)

@: no status effects
A: horns 1, cold resistance 1
a: no special abilities


You were on level 1 of the Dungeon.
You were not hungry.

You visited 1 branch of the dungeon, and saw 1 of its levels.

You collected 18 gold pieces.

Inventory:

Hand Weapons
 a - a +0 spear (weapon)
Armour
 b - a +0 leather armour (worn)
Jewellery
 e - a cursed -4 ring of strength (left hand)
Potions
 g - a potion of haste {unknown}
Books
 c - a book of Battle

   Spells                             Type                      Level
   a - Infusion                       Charms                       1
   b - Shroud of Golubria             Charms/Translocation         2
   c - Song of Slaying                Charms                       2
   d - Spectral Weapon                Hexes/Charms                 3
   e - Regeneration                   Charms/Necromancy            3
Comestibles
 d - a bread ration
 f - 2 meat rations


   Skills:
 - Level 2.1 Fighting
 + Level 2.1 Polearms
 + Level 1.1 Armour
 + Level 2.0 Dodging
 + Level 2.3 Spellcasting
 - Level 3.0 Charms


You had 5 spell levels left.
You knew the following spells:

 Your Spells              Type           Power        Failure   Level  Hunger
a - Infusion              Chrm           ##..         9%          1    #......


Dungeon Overview and Level Annotations

Branches:
Dungeon (1/15)

Altars:


Innate Abilities, Weirdness & Mutations

You have a pair of small horns on your head.
Your flesh is cold resistant. (rC+)


Message History

You completely miss the bat. The bat hits you.
You hit the bat.
The bat is moderately wounded.
The bat hits you but does no damage.
A bat is nearby!
You hit the bat.
You kill the bat!
No target in view!
e - a blackened peridot ring
g - a fizzy silvery potion No target in view!
No target in view!
No target in view!
No target in view!
Found a chain mail.
Put on which piece of jewellery? (? for menu, Esc to quit)
You feel weaker.
Oops, that ring feels deathly cold.
e - a cursed -4 ring of strength (left hand) Are you sure you want to abandon this character and quit the game? (Confirm with "yes".)

.......#.......
................
..#.###........[
#...............
#...............
)###..........[.. .#
###...........
.#####..........##########
.#..............@..#.....##
..........................##
...........................#
.#.........................#
...........................#
.#.........................#
.##########................#
##...............##
#####..#......#.....##


There were no monsters in sight!

Vanquished Creatures
  3 dart slugs (D:1)
  3 giant cockroaches (D:1)
  2 goblins (D:1)
  6 hobgoblins (D:1)
  3 kobolds (D:1)
  A bat (D:1)
  2 frilled lizards (D:1)
  2 rats (D:1)
22 creatures vanquished.

Notes
Turn   | Place    | Note
-------+----------+-------------------------------------------
     0 | D:1      | vishdafish the Demonspawn Skald began the quest for the Orb.
     0 | D:1      | Reached XP level 1. HP: 16/16 MP: 3/3
    46 | D:1      | Reached skill level 3 in Charms
    59 | D:1      | Gained mutation: Your flesh is cold resistant. (rC+) [demonic ancestry]
    59 | D:1      | Reached XP level 2. HP: 10/22 MP: 1/5
   283 | D:1      | Reached skill level 1 in Armour
   383 | D:1      | Gained mutation: You have a pair of small horns on your head. [demonic ancestry]
   383 | D:1      | Reached XP level 3. HP: 21/27 MP: 6/6
   458 | D:1      | Quit the game

Vault maps used:
D:1:      saegor_arrival_simple_a

Skill      XL: |  1  2 |
---------------+-------+-----
Charms         | 3 |  3.0
Polearms       | 2 |  2.1
Armour         | 1 |  1.1
Dodging        | 2 |  2.0
Fighting       | |  2.1
Spellcasting   | |  2.3

Action                   || total
-------------------------++-------
Melee: Spear             ||    86
 Cast: Infusion          ||     1
Armor: Leather armour    ||    16
Dodge: Dodged            ||    45

Table legend:
 A = Spawn XP
 B = Non-spawn XP
 C = Spawn XP percentage of total XP
 D = Spawn monster count
 E = Non-spawn monster count
 F = Spawn count percentage of total count
 G = Total turns spent on level
                    A         B        C        D         E        F      G
               +---------+---------+-------+---------+---------+-------+---------
         Total |       0 |      43 |   0.0 |       0 |      22 |   0.0 |   458
               +---------+---------+-------+---------+---------+-------+---------
           D:1 |       0 |      43 |   0.0 |       0 |      22 |   0.0 |   458
               +---------+---------+-------+---------+---------+-------+---------
